 Dungeon Crawl Stone Soup version 0.17.0-28-g6e173f8 (webtiles) character file.

1271 dohliylev the Covert (level 8, -6/40 HPs)
             Began as a Vine Stalker Assassin on Nov 30, 2015.
             Was a Believer of Dithmenos.
             Killed by divine providence
             ... invoked by an orc priest
              (15 damage)
             ... on level 6 of the Dungeon.
             The game lasted 00:26:43 (3895 turns).

dohliylev the Covert (Vine Stalker Assassin)        Turns: 3895, Time: 00:26:43

Health: -6/40      AC:  5    Str: 14    XL:     8   Next: 53%
Magic:  0/9        EV: 10    Int: 11    God:    Dithmenos [**....]
Gold:   202        SH:  0    Dex: 18    Spells: 0 memorised, 7 levels left

rFire  . . .     SeeInvis .     A - +2 dagger (venom)
rCold  . . .     Clarity  .     H - +0 robe (curse)
rNeg   . . .     SustAt   .     (no shield)
rPois  .         Gourm    .     (no helmet)
rElec  .         Spirit   +     F - +0 cloak
rCorr  .         Warding  .     G - +0 pair of gloves
rMut   .         Stasis   .     c - +0 pair of boots (curse)
MR     +....                    (no amulet)
Stlth  +++++++...               z - ring of stealth
                                t - ring of wizardry

@: wreathed by umbra, somewhat resistant to hostile enchantments, extremely
stealthy
A: fangs 3, regeneration 2, magic shield, antimagic bite, no device heal 3, rot
immunity
a: Shadow Step, Renounce Religion


You were on level 6 of the Dungeon.
You worshipped Dithmenos.
Dithmenos was pleased with you.
You were not hungry.

You visited 1 branch of the dungeon, and saw 6 of its levels.
You also visited: Ossuary.

You collected 202 gold pieces.

Inventory:

Hand Weapons
 a - a +2 dagger
 b - a +0 blowgun
 v - a +0 club
 A - a +2 dagger of venom (weapon)
Missiles
 e - 5 poisoned needles
 f - 2 curare-tipped needles
Armour
 c - a cursed +0 pair of boots (worn)
 F - a +0 cloak (worn)
 G - a +0 pair of gloves (worn)
 H - a cursed +0 robe (worn)
Jewellery
 t - a ring of wizardry (left hand)
 z - a ring of stealth (right hand)
 C - a cursed ring of loudness {unknown}
 I - an uncursed amulet of resist mutation {unknown}
 J - an uncursed ring of ice {unknown}
Wands
 y - a wand of fireball (7)
 K - a wand of paralysis (3)
Scrolls
 k - a scroll of random uselessness {unknown}
 l - 5 scrolls of enchant armour {unknown}
 m - a scroll of blinking {unknown}
 n - 3 scrolls of fear {unknown}
 o - 2 scrolls of remove curse {unknown}
 q - 4 scrolls of teleportation {unknown}
 r - a scroll of immolation {unknown}
 w - 2 scrolls of fog {unknown}
 x - 5 scrolls of identify {unknown}
 B - 2 scrolls of magic mapping {unknown}
 L - a scroll of noise {unknown}
 M - 3 scrolls of summoning {unknown}
 O - a scroll of amnesia {unknown}
Potions
 d - a potion of cure mutation {unknown}
 h - 4 potions of might {unknown}
 j - a potion of magic {unknown}
 p - a potion of agility {unknown}
 s - 3 potions of curing {unknown}
 u - a potion of brilliance {unknown}
 E - 2 potions of haste {unknown}
Comestibles
 g - 5 bread rations
 i - 3 meat rations
 D - a beef jerky
 N - 7 chunks of flesh


   Skills:
 + Level 3.3 Fighting
 + Level 3.5 Short Blades
 + Level 2.9 Throwing
 + Level 4.4 Dodging
 + Level 9.7 Stealth


You had 7 spell levels left.
You didn't know any spells.

Dungeon Overview and Level Annotations

Branches:
Dungeon (6/15)
 Temple: D:4-7

Altars:
Ashenzari
Dithmenos
Fedhas
Gozag
Xom
Zin

Shops:
D:6 *

Annotations:
D:4 Menkaure
D:5 Pikel


Innate Abilities, Weirdness & Mutations

You have razor-sharp teeth.
You heal very quickly.
When hurt, damage is shared between your health and your magic reserves.
Your bite disrupts and absorbs the magic of your enemies.
Potions and wands cannot restore your health.
You are immune to rotting.


Message History

The black bear closely misses you.
Things that are here:
a flail; an orc corpse The black bear closely misses you.
The black bear claws you. The black bear closely misses you.
Things that are here:
a mace; a leather armour The orc priest mumbles some strange prayers to Beogh against you.
Something smites you!
* * * LOW HITPOINT WARNING * * *
The orc priest casts a cantrip, but nothing happens.
The black bear barely misses you. The black bear claws you.
* * * LOW HITPOINT WARNING * * *
The black bear misses you.
There is a stone staircase leading up here.
The black bear bites you but does no damage.
The black bear claws you but does no damage. x2
The orc priest mumbles some strange prayers to Beogh against you.
Something smites you!
You die...

......#..#.............##
........##...#.#...#.###
......## #...#.....#...##
......####...#o.##...#..#
.............#..o)†.....#
......####)#...#)........#
.......###.##...o........#
####............h...<....#
##.###....#..#.@........#
......#∩..#.#..........#
..#..###...#........###.#
..###..##.#.###.#.....# ..
#.##....#..##.........
###'###...#.......#..###
.......#..#.#.<.#.####
#.....###.....#.....#
##...##.##....##.....#


You could see a black bear (berserk), an orc priest and 2 orcs.

Vanquished Creatures
  Duvessa (D:5)
  2 ogres
  A slave (D:6)
  A giant frog (D:6)
  3 elf zombies (Ossuary)
  Dowan (D:5)
  2 crimson imps
  2 human zombies (Ossuary)
  A jelly (D:6)
  2 orc priests
  A hound (D:4)
  An orc wizard (D:6)
  Terence (D:3)
  2 worker ants (D:6)
  3 big kobold zombies (Ossuary)
  4 mummies
  A gnoll (D:3)
  9 adders
  2 oozes (D:2)
  An adder skeleton (D:4)
  2 adder zombies (Ossuary)
  2 worms
  3 giant geckos
  15 orcs
  12 goblins
  7 hobgoblins
  4 jackals (D:6)
  2 quokkas
  8 bats
  3 giant cockroaches
  A giant gecko skeleton (D:6)
  4 giant newts
  2 gnoll zombies (Ossuary)
  5 goblin zombies
  2 hobgoblin zombies (Ossuary)
  3 jackal zombies (Ossuary)
  8 kobolds
  7 kobold zombies (Ossuary)
  4 orc zombies
  2 quokka zombies (Ossuary)
  7 rats
  3 rat zombies (Ossuary)
147 creatures vanquished.

Notes
Turn   | Place    | Note
--------------------------------------------------------------
     0 | D:1      | dohliylev the Vine Stalker Assassin began the quest for the Orb.
     0 | D:1      | Reached XP level 1. HP: 11/11 MP: 2/2
    92 | D:1      | Reached skill level 5 in Stealth
   130 | D:1      | Reached XP level 2. HP: 13/15 MP: 3/3
   672 | D:2      | Reached XP level 3. HP: 18/18 MP: 4/4
   846 | D:2      | Reached skill level 6 in Stealth
   943 | D:2      | Found a shadowy altar of Dithmenos.
   949 | D:2      | Became a worshipper of Dithmenos the Shadowed
  1186 | D:2      | Found a glowing silver altar of Zin.
  1281 | D:2      | Reached XP level 4. HP: 12/23 MP: 3/5
  1515 | D:3      | Found a shattered altar of Ashenzari.
  1622 | D:3      | Reached skill level 1 in Dodging
  1642 | D:3      | Reached XP level 5. HP: 14/26 MP: 4/6
  1790 | D:3      | Reached skill level 7 in Stealth
  1828 | D:3      | Noticed Terence
  1833 | D:3      | Killed Terence
  1963 | D:3      | Found a blossoming altar of Fedhas.
  2071 | D:3      | Found a shimmering altar of Xom.
  2220 | D:3      | Reached * piety under Dithmenos
  2332 | D:4      | Gained mutation: You heal very quickly. [Vine Stalker growth]
  2332 | D:4      | Reached XP level 6. HP: 30/30 MP: 7/7
  2472 | D:4      | Noticed an ogre
  2490 | D:4      | Killed an ogre
  2490 | D:4      | Reached skill level 8 in Stealth
  2555 | D:4      | Found an opulent altar of Gozag.
  2936 | D:5      | Entered Level 5 of the Dungeon
  2936 | D:5      | Noticed Menkaure
  2945 | D:5      | Noticed Duvessa
  2945 | D:5      | Noticed Dowan
  2946 | D:5      | Killed Duvessa
  2946 | D:5      | Reached XP level 7. HP: 24/35 MP: 4/8
  2948 | D:5      | Killed Dowan
  2971 | D:5      | Noticed Pikel
  2984 | D:6      | Found Iqodic's Assorted Antiques.
  3041 | D:6      | Found a sand-covered staircase.
  3046 | Ossuary  | Entered an ossuary
  3098 | Ossuary  | Reached skill level 9 in Stealth
  3253 | Ossuary  | Reached ** piety under Dithmenos
  3429 | Ossuary  | Gained mutation: You have razor-sharp teeth. [Vine Stalker growth]
  3429 | Ossuary  | Reached XP level 8. HP: 30/39 MP: 9/9
  3895 | D:6      | Killed from afar by an orc priest

Action                   |  1- 3 |  4- 6 |  7- 9 || total
-------------------------+-------+-------+-------++-------
Melee: Dagger            |    75 |    76 |   313 ||   464
 Fire: Blowgun           |    10 |    39 |       ||    49
 Stab: Sleeping          |    12 |    14 |    14 ||    40
       Distracted        |       |       |     1 ||     1
  Eat: Chunk             |     1 |     5 |     4 ||    10
